 Dungeon Crawl Stone Soup version 0.30-a0-365-ge7f957f1db (webtiles) character file.

Game seed: 4618179096957931353

759 koil the Ruffian (level 7, 0/105 HPs)
             Began as a Troll Berserker on Nov 18, 2022.
             Was a Priest of Trog.
             Slain by a gnoll
             ... wielding a +0 spear
             ... led by a gnoll sergeant
              (6 damage)
             ... on level 5 of the Dungeon.
             The game lasted 00:07:37 (3671 turns).

koil the Ruffian (Troll Berserker)                  Turns: 3671, Time: 00:07:37

Health: 0/105      AC:  5    Str: 28    XL:     7   Next: 50%
Magic:  6/6        EV: 10    Int:  3    God:    Trog [***...]
Gold:   309        SH:  0    Dex:  9    Spells: 6/6 levels left

rFire   . . .      SeeInvis .      - Unarmed
rCold   . . .      Faith    .    (no shield)
rNeg    . . .      Spirit   .    a - +0 animal skin
rPois   .          Reflect  .    (helmet restricted)
rElec   .          Harm     .    C - +0 cloak
rCorr   +          Rampage  .    (gloves unavailable)
Will    .....                    (boots unavailable)
Stlth   ..........               (no amulet)
HPRegen 1.17/turn                c - ring of resist corrosion
MPRegen 0.10/turn                (no ring)

@: berserking (expiring), very quick
A: large, unfitting armour, claws 3, regeneration 1, shaggy fur 1, tough skin 1
a: Renounce Religion, Berserk, Trog's Hand


You were on level 5 of the Dungeon.
You worshipped Trog.
Trog was most pleased with you.
You visited 1 branch of the dungeon, and saw 5 of its levels.

You collected 309 gold pieces.

Inventory:

Hand Weapons
 B - a +3 quarterstaff of chaos
Missiles
 h - 2 poisoned darts (quivered)
 w - a throwing net {!f}
Armour
 a - a +0 animal skin (worn)
 y - a +0 cloak
 C - a +0 cloak (worn)
Jewellery
 c - a ring of resist corrosion (left claw)
Wands
 u - a wand of acid (12)
Scrolls
 b - 2 scrolls of enchant weapon {unknown}
 d - a scroll of magic mapping {unknown}
 e - 3 scrolls of identify {unknown}
 f - a scroll of blinking {unknown}
 i - a scroll of teleportation {unknown}
 n - 4 scrolls of fear {unknown}
 o - a scroll of immolation {unknown}
 p - a scroll of noise {unknown}
 q - a scroll of vulnerability {unknown}
 r - a scroll of torment {unknown}
 t - 2 scrolls of brand weapon {unknown}
Potions
 g - 2 potions of flight {unknown}
 j - a potion of degeneration {unknown}
 k - a potion of attraction {unknown}
 l - 4 potions of curing {unknown}
 m - a potion of lignification {unknown}
 s - 2 potions of might {unknown}
 v - 2 potions of mutation {unknown}
 x - a potion of invisibility {unknown}
 z - a potion of ambrosia {unknown}
 A - a potion of heal wounds {unknown}


   Skills:
 + Level 4.2 Fighting
 + Level 3.2 Armour
 + Level 4.2 Dodging
 + Level 5.1 Unarmed Combat


You had 6 spell levels left.
You didn't know any spells.
Your spell library was empty.

Dungeon Overview and Level Annotations

Branches:
Dungeon (5/15)
 Temple: D:4-7

Altars:
Hepliaklqana
Uskayaw
Vehumet


Innate Abilities, Weirdness & Mutations

You are too large for most types of armour.
You have claws for hands.
Your natural rate of healing is unusually fast.
You are covered in fur. (AC +1)
You have tough skin. (AC +1)


Message History

* * * LOW HITPOINT WARNING * * *
A red film seems to cover your vision as you go berserk!
You feel yourself moving faster!
You feel mighty! The gnoll barely misses you.
You barely miss the gnoll.
The gnoll is moderately wounded.
The gnoll hits you but does no damage.
You closely miss the gnoll.
The gnoll is moderately wounded.
You claw the gnoll!
You kill the gnoll!
Trog accepts your kill.
You claw something! Trog accepts your kill.
Trog appreciates your killing of a magic user.
Reactivating autopickup.
You feel a bit more experienced.
You closely miss the orc. You mangle the orc!!
You kill the orc!
Trog accepts your kill.
The gnoll hits you from afar with a +0 spear.
* * * LOW HITPOINT WARNING * * *
The orc hits you with a +0 flail.
* * * LOW HITPOINT WARNING * * *
Items here: ))))) [ ††.
You mangle the orc!!
You kill the orc!
Trog accepts your kill. The gnoll hits you with a +0 whip.
* * * LOW HITPOINT WARNING * * *
The gnoll hits you with a +0 spear.
* * * LOW HITPOINT WARNING * * *
Items here: $ ))) [[ †.
You barely miss the gnoll. You scratch the gnoll.
The gnoll is lightly wounded.
The gnoll hits you with a +0 whip.
* * * LOW HITPOINT WARNING * * *
The gnoll hits you with a +0 spear.
You die...

#.........
.###........###
.............. .
#.#.........##..
................
#.............#
#.............#
....##.gg.#.#..# #
##@#.#.#.. #)#.#.#.#
#.#..:#.##
##.###....#.#
#.........>.##
....###.###...##
.....####.####...#
..#............##..###
#
#.######.....##..<.###


You could see 2 gnolls.

Vanquished Creatures
  Edmund (D:4)
  A black bear (D:4)
  Blork the orc (D:4)
  A gnoll sergeant (D:5)
  Crazy Yiuf (D:4)
  2 hounds (D:3)
  An orc priest (D:3)
  A jelly (D:5)
  2 iguanas (D:4)
  Ijyb (D:4)
  2 orc wizards
  Robin (D:2)
  3 gnolls (D:5)
  2 adders
  2 worms (D:3)
  2 dart slugs
  5 orcs
  11 ball pythons
  9 endoplasms
  3 giant cockroaches
  13 goblins
  5 hobgoblins
  4 jackals (D:2)
  8 kobolds
  A quokka (D:2)
  7 bats
  7 rats
  A bush (D:3)
  2 plants (D:3)
100 creatures vanquished.

Notes
Turn   | Place    | Note
-------+----------+-------------------------------------------
     0 | D:1      | koil the Troll Berserker began the quest for the Orb.
     0 | D:1      | Reached XP level 1. HP: 22/22 MP: 0/0
   135 | D:1      | Reached XP level 2. HP: 28/29 MP: 1/1
   684 | D:2      | Reached XP level 3. HP: 36/36 MP: 2/2
   785 | D:2      | Reached skill level 1 in Armour
   786 | D:2      | Noticed Robin
   797 | D:2      | Killed Robin
   857 | D:2      | Reached ** piety under Trog
   912 | D:2      | Reached XP level 4. HP: 43/44 MP: 3/3
  1847 | D:3      | Reached XP level 5. HP: 46/53 MP: 4/4
  1918 | D:3      | Reached skill level 4 in Unarmed Combat
  2321 | D:3      | Reached *** piety under Trog
  2499 | D:4      | Noticed Ijyb
  2499 | D:4      | Found a hazy altar of Hepliaklqana.
  2507 | D:4      | Killed Ijyb
  2677 | D:4      | Noticed Blork the orc
  2684 | D:4      | Killed Blork the orc
  2685 | D:4      | Reached XP level 6. HP: 61/61 MP: 5/5
  2769 | D:4      | Found a radiant altar of Vehumet.
  2839 | D:4      | Noticed a +0 dagger
  2839 | D:4      | Noticed a +0 hand axe
  2840 | D:4      | Found a hide-covered altar of Uskayaw.
  2867 | D:4      | Noticed Edmund
  2880 | D:4      | Killed Edmund
  3124 | D:4      | Found a runed translucent door.
  3125 | D:4      | Noticed Crazy Yiuf
  3132 | D:4      | Killed Crazy Yiuf
  3133 | D:4      | Reached XP level 7. HP: 68/68 MP: 6/6
  3336 | D:4      | HP: 10/68 [black bear (7)]
  3338 | D:4      | HP: 2/102 [black bear (6)]
  3580 | D:5      | Entered Level 5 of the Dungeon
  3648 | D:5      | Reached skill level 5 in Unarmed Combat
  3656 | D:5      | HP: 13/70 [gnoll/+0 flail[a gnoll sergeant] (10)]
  3659 | D:5      | HP: 5/70 [gnoll/+0 flail[a gnoll sergeant] (5)]
  3667 | D:5      | HP: 12/105 [gnoll/+0 spear[a gnoll sergeant] (2)]
  3669 | D:5      | HP: 5/105 [gnoll/+0 spear[a gnoll sergeant] (2)]
  3671 | D:5      | Slain by a gnoll

Illustrated notes

Levels and vault maps discovered:
D:1:      minmay_arrival_shoal_huts, layout_basic
D:2:      layout_basic, uniq_robin
D:3:      kennysheep_six_static_rooms, layout_rooms, serial_forest,
          infiniplex_forest_straight_2, infiniplex_forest_lined_1,
          infiniplex_forest_lined_2, infiniplex_forest_clump_large,
          infiniplex_forest_3_way, infiniplex_forest_zigzag_1,
          infiniplex_forest_end_2
D:4:      layout_basic, dancing_weapons_uskayaw, vehumet_crystals,
          nicolae_overflow_crystal_walls, minmay_misc_feat_room, uniq_edmund,
          uniq_blork_the_orc, uniq_ijyb, uniq_crazy_yiuf_cottage
D:5:      layout_rooms, enter_ossuary_2, nicolae_elevator_lobby_asterisk

Skill      XL: |  1  2  3  4  5  6  7 |
---------------+----------------------+-----
Armour         | 1 2 3 |  3.2
Dodging        | 3 4 |  4.2
Fighting       | 3 4 |  4.2
Unarmed Combat | 4 5 |  5.1

Action                   |  1- 3 |  4- 6 |  7- 9 || total
-------------------------+-------+-------+-------++-------
Melee: Unarmed           |    86 |   167 |    43 ||   296
       Punch             |     2 |     4 |       ||     6
Invok: Berserk           |       |     4 |     2 ||     6
 Stab: Sleeping          |     1 |       |       ||     1
Armor: Animal skin       |    52 |    38 |    13 ||   103
Dodge: Dodged            |    38 |    51 |    23 ||   112

Table legend: (Time is in decaauts)
 A = Elapsed time spent in this place.
 B = Non-inter-level travel time spent in this place.
 C = Inter-level travel time spent in this place.
 D = Time resting spent in this place.
 E = Time spent auto-exploring this place.
 F = Levels seen in this place.
 G = Mean time per level.
                   A        B        C        D        E       F      G
               +--------+--------+--------+--------+--------+-----+--------+
         Total |   3692 |   3580 |    112 |    422 |   2495 |   5 |  738.4 |
       Dungeon |   3692 |   3580 |    112 |    422 |   2495 |   5 |  738.4 |
               +--------+--------+--------+--------+--------+-----+--------+

Top non-repeatable levels by time:
     D:2: 1144 daAuts
     D:4: 1121 daAuts
     D:3: 734 daAuts
     D:1: 607 daAuts
     D:5: 84 daAuts
